 Dungeon Crawl Stone Soup version 0.30.0-10-gfe55d96785 (webtiles) character file.

Game seed: 5981880083096192897

19 McKennaii the Conjurer (level 2, 0/20 HPs)
             Began as a Demigod Conjurer on May 14, 2023.
             Killed by divine providence
             ... invoked by an orc priest
              (13 damage)
             ... on level 2 of the Dungeon.
             The game lasted 00:00:29 (1466 turns).

McKennaii the Conjurer (Demigod Conjurer)           Turns: 1466, Time: 00:00:30

Health: 0/20       AC:  2    Str:  8    XL:     2   Next: 39%
Magic:  1/7        EV: 12    Int: 20    God:
Gold:   48         SH:  0    Dex: 12    Spells: 2/5 levels left

rFire   . . .        (no weapon)
rCold   . . .        (no shield)
rNeg    . . .        a - +0 robe
rPois   .            (no helmet)
rElec   .            (no cloak)
rCorr   .            (no gloves)
SInv    .            (no boots)
Will    .....        (no amulet)
Stlth   +            (no ring)
HPRegen 0.23/turn    (no ring)
MPRegen 0.10/turn

%: no passive effects
@: confused
A: high MP 1, forlorn, divine attributes
a: no special abilities


You were on level 2 of the Dungeon.
You visited 1 branch of the dungeon, and saw 2 of its levels.

You collected 48 gold pieces.

Inventory:

Armour
 a - a +0 robe (worn)
Scrolls
 f - 2 scrolls of teleportation {unknown}
 g - a scroll of enchant armour {unknown}
 i - a scroll of identify {unknown}
 j - a scroll of fog {unknown}
Potions
 b - a potion of magic
 c - a potion of haste {unknown}
 d - 2 potions of mutation {unknown}
 e - a potion of cancellation {unknown}
 h - a potion of lignification {unknown}


   Skills:
 - Level 1.7 Dodging
 - Level 1.7 Stealth
 + Level 2.3 Spellcasting
 + Level 4.0 Conjurations


You had 2 spell levels left.
You knew the following spells:

 Your Spells              Type           Power      Damage    Failure   Level
a - Magic Dart            Conj           72%        1d6       3%          1
b - Searing Ray           Conj           36%        2d5       4%          2

Your spell library contained the following spells:

 Spells                   Type           Power      Damage    Failure   Level
 Dazzling Flash           Conj/Hex       20%        N/A       21%         3
 Fulminant Prism          Conj/Hex       5%         3d7       54%         4
 Iskenderun's Mystic Bla  Conj/Tloc      10%        2d4       54%         4


Dungeon Overview and Level Annotations

Branches:
Dungeon (2/15)


Innate Abilities, Weirdness & Mutations

You have an increased reservoir of magic. (+10% MP)
You shall have no god before yourself.
Your divine heritage dramatically boosts your attributes as you level up.


Message History

There are monsters nearby!
The magic dart hits the orc wizard.
The orc wizard is almost dead.
An orc priest comes into view. It is wielding a +0 dagger.
The magic dart hits the orc wizard but does no damage.
The orc wizard is almost dead.
The orc priest shouts!
You hear a shout!
An orc comes into view. It is wielding a +0 short sword.
The magic dart hits the orc wizard but does no damage.
The orc wizard is almost dead.
There are monsters nearby!
You hit the orc wizard but do no damage.
The orc wizard is almost dead.
The orc wizard closely misses you.
Casting: Magic Dart (safe; 3% risk of failure)
Confirm with . or Enter, or press ? or * to list all spells.
Aiming: Magic Dart (safe; 3% risk of failure)
Press: ? - help, Shift-Dir - straight line, f/p - orc wizard
Aim: an orc wizard, wielding a +0 dagger and wearing a +0 robe (almost dead, 100% to hit)
The magic dart hits the orc wizard but does no damage.
The orc wizard is almost dead.
The orc wizard points at you and mumbles some strange words.
The magic dart hits you!
You hit the orc wizard but do no damage.
The orc wizard is almost dead.
The orc wizard gestures at you while chanting.
The puff of flame misses you.
You hit the orc wizard but do no damage.
The orc wizard is almost dead.
The orc wizard hits you with a +0 dagger.
You barely miss the orc wizard.
The orc wizard is almost dead.
The orc wizard points at you and mumbles some strange words.
You are confused.
You barely miss the orc wizard.
The orc wizard is almost dead.
The orc priest calls down the wrath of Beogh upon you.
Beogh smites you!
Ouch! That really hurt!
You die...

#.. #.# #.# #o#
#o# #o# #o# .# #.#
#@# .# #.# #.# .#
#..##.# #.# .#
#..##.# #.# .#
#..##.# #.# .#
#..##.# #.# .#
#..##.# #.#
.####..##.# #.#
..........######.#


You could see an orc priest, an orc wizard and 2 orcs.

Vanquished Creatures
  A dart slug (D:1)
  A ball python (D:2)
  An endoplasm (D:2)
  2 giant cockroaches (D:2)
  2 goblins (D:1)
  2 hobgoblins (D:1)
  A quokka (D:1)
  2 bats (D:2)
  A frilled lizard (D:1)
  A kobold (D:1)
  2 rats
16 creatures vanquished.

Notes
Turn   | Place    | Note
-------+----------+-------------------------------------------
     0 | D:1      | McKennaii the Demigod Conjurer began the quest for the Orb.
     0 | D:1      | Reached XP level 1. HP: 14/14 MP: 5/5
   672 | D:1      | Reached XP level 2. HP: 20/20 MP: 4/7
  1126 | D:2      | Learned a level 2 spell: Searing Ray
  1260 | D:2      | Reached skill level 4 in Conjurations
  1466 | D:2      | Killed from afar by an orc priest

Illustrated notes

Levels and vault maps discovered:
D:1:      dpeg_arrival_rooms_a, layout_basic
D:2:      layout_loops_ring, shapermc_ecumenical_altar_ellora

Skill      XL: |  1  2 |
---------------+-------+-----
Spellcasting   | 2 |  2.3
Conjurations   | 4 |  4.0
Dodging        | |  1.7
Stealth        | |  1.7

Action                     || total
---------------------------++-------
  Melee: Unarmed           ||     9
   Cast: Magic Dart        ||    39
 Armour: Robe              ||     1
  Dodge: Dodged            ||     8
